 Dungeon Crawl Stone Soup version 0.30-a0-778-g2ef04afb54 (webtiles) character file.

Game seed: 16941813107985974740

25 mopl the Cudgeller (level 3, -1/46 HPs)
             Began as a Meteoran Berserker on Feb 15, 2023.
             Was a Follower of Trog.
             Slain by a goblin
             ... wielding a +0 dagger
             ... led by Robin
              (6 damage)
             ... on level 2 of the Dungeon.
             The game lasted 00:02:51 (480 turns).

mopl the Cudgeller (Meteoran Berserker)              Turns: 480, Time: 00:02:51

Health: -1/46      AC:  2    Str: 20    XL:     3   Next: 35%
Magic:  4/4        EV: 12    Int:  9    God:    Trog [*.....]
Gold:   36         SH:  0    Dex: 13    Spells: 2/2 levels left

rFire   . . .      SeeInvis .    c - +2 quarterstaff (spect)
rCold   . . .      Faith    .    (shield currently unavailable)
rNeg    . . .      Spirit   .    b - +0 animal skin
rPois   .          Reflect  .    (no helmet)
rElec   .          Harm     .    (no cloak)
rCorr   .          Rampage  .    (no gloves)
Will    .....                    (no boots) Stlth
                                 h - amulet of the acrobat
HPRegen 0.27/turn                (no ring)
MPRegen 0.09/turn                (no ring)

@: berserking, glowing, very quick
A: sense surroundings 1, otherworldly, glowing, explore regen
a: Renounce Religion, Berserk


You were on level 2 of the Dungeon.
You worshipped Trog.
Trog was aware of your devotion.
You visited 1 branch of the dungeon, and saw 2 of its levels.

You collected 36 gold pieces.

Inventory:

Hand Weapons
 a - a +0 mace
 c - a +2 spectral quarterstaff (weapon)
Armour
 b - a +0 animal skin (worn)
Jewellery
 h - an amulet of the acrobat (around neck)
Scrolls
 d - 4 scrolls of vulnerability {unknown}
 e - 3 scrolls of noise {unknown}
 g - a scroll of blinking {unknown}
 i - 2 scrolls of enchant weapon {unknown}
Potions
 f - a potion of curing {unknown}


   Skills:
 + Level 3.5 Fighting
 * Level 4.6 Maces & Flails
 + Level 2.8 Armour
 + Level 2.8 Dodging


You had 2 spell levels left.
You didn't know any spells.
Your spell library was empty.

Dungeon Overview and Level Annotations

Branches:
Dungeon (2/15) Zot: 715

Altars:

Annotations:
D:2 Robin


Innate Abilities, Weirdness & Mutations

You passively map a small area around you.
You are easily found by Zot.
You glow in the dark.
You regain HP and MP as you explore.


Message History

A goblin comes into view. It is wielding a +0 club.
A goblin comes into view. It is wielding a +0 dagger.
The goblin moves out of view.
The ball python attacks as you move away!
The ball python bites you but does no damage.
Robin says, "My army is invincible!"
A goblin comes into view. It is wielding a +0 club.
The ball python attacks as you move away!
The ball python bites you. Robin throws the goblin at you!
The goblin completely misses you. x2
A goblin comes into view. It is wielding a +0 club.
The ball python completely misses you. The ball python grabs you.
The ball python constricts you.
You escape the ball python's grasp.
The goblin attacks as you move away! The goblin barely misses you.
The goblin completely misses you.
The kobold throws a stone.
The stone closely misses you. Robin throws the goblin at you!
The goblin barely misses you. The goblin completely misses you.
A goblin comes into view. It is wielding a +0 club.
The goblin shouts!
You hit the goblin.
You kill the goblin!
Trog accepts your kill.
You hear a shout!
The goblin hits you with a +0 club. The goblin hits you but does no damage.
The goblin hits you with a +0 dagger. Robin throws the goblin at you!
The goblin barely misses you. The goblin hits you with a +0 club.
The kobold barely misses you. The goblin hits you with a +0 club.
* * * LOW HITPOINT WARNING * * *
The goblin hits you with a +0 dagger.
* * * LOW HITPOINT WARNING * * *
The goblin barely misses you. The kobold misses you.
The goblin hits you with a +0 dagger.
* * * LOW HITPOINT WARNING * * *
The goblin barely misses you.
Unknown command.
A red film seems to cover your vision as you go berserk!
You feel yourself moving faster!
You feel mighty! The goblin hits you with a +0 dagger.
You die...

#................, ,
*................ *
*#..>.........
#............
##########.†..#+#####.
, #..........††.# * *
* +.....)......##, ,
#......ggg...#* * *
#.......@gS..# ,,
#...†..ggK..(# ,
#............# *
#........g..)# *
#.......g....# ,
#########.g...# * * *
#....$# , , ......# *,
,.......+


You could see Robin, 8 goblins, a ball python and a kobold.

Vanquished Creatures
  An adder (D:2)
  4 endoplasms
  2 giant cockroaches
  2 quokkas
  A ball python (D:1)
  A bat (D:1)
  A frilled lizard (D:2)
  2 goblins
  2 kobolds (D:1)
16 creatures vanquished.

Notes
Turn   | Place    | Note
-------+----------+-------------------------------------------
     0 | D:1      | mopl the Meteoran Berserker began the quest for the Orb.
     0 | D:1      | Reached XP level 1. HP: 19/19 MP: 2/2
    93 | D:1      | Found a faded altar of an unknown god.
   142 | D:1      | Reached XP level 2. HP: 26/26 MP: 3/3
   448 | D:2      | Reached XP level 3. HP: 31/31 MP: 4/4
   471 | D:2      | Noticed Robin
   480 | D:2      | Slain by a goblin

Illustrated notes

Levels and vault maps discovered:
D:1:      dpeg_arrival_windows_large_door, layout_loops_cross,
          ebering_ecumenical_altar_box
D:2:      layout_basic, chequers_serial_rivers_micro_e, uniq_robin

Action                     || total
---------------------------++-------
  Melee: Quarterstaff      ||    21
 Invoke: Berserk           ||     1
 Armour: Animal skin       ||     7
  Dodge: Dodged            ||    24

Table legend: (Time is in decaauts)
 A = Elapsed time spent in this place.
 B = Non-inter-level travel time spent in this place.
 C = Inter-level travel time spent in this place.
 D = Time resting spent in this place.
 E = Time spent auto-exploring this place.
 F = Levels seen in this place.
 G = Mean time per level.
                   A        B        C        D        E       F      G
               +--------+--------+--------+--------+--------+-----+--------+
         Total |    483 |    445 |     38 |      0 |      0 |   2 |  241.5 |
       Dungeon |    483 |    445 |     38 |      0 |      0 |   2 |  241.5 |
               +--------+--------+--------+--------+--------+-----+--------+

Top non-repeatable levels by time:
     D:1: 443 daAuts
     D:2: 39 daAuts
